AoeStats
← Ken

Arena

504646245Analyzed
1v1 RM · 26d ago on Sep 6, 2026· 33m 18s· 2 players
Game mode
Random Map
Map size
Tiny (2 player)
Population
200
Speed
Normal
Resources
Standard
Victory
Conquest
Starting age
Dark Age
Ending age
Imperial Age
RankedLock teamsTeams togetherTeam positionsShared explorationLock speedFull tech treeHidden civsTurbo modeCheats
Victory
Defeat
🇨🇳 Gurjaras · China
903
+15
🇲🇽 Wu · Mexico
891
-15
[ Wildpigs ] PaPi
10:52 Feudal Age
14:43 Castle Age
13:27 Double-Bit Axe
14:11 Horse Collar
15:37 Loom
18:53 Fletching
20:38 Forging
23:29 Bow Saw
30:00 Imperial Age
Ken
11:11 Feudal Age
17:07 Castle Age
15:30 Double-Bit Axe
16:28 Horse Collar
19:42 Fletching
27:43 Heavy Plow
28:06 Bow Saw
29:15 Bloodlines
33:46 Imperial Age
31:38 Husbandry
32:05 Scale Barding Armor
31:54 Loom
32:36 Bodkin Arrow
32:51 Forging
34:09 Wheelbarrow
Connection lost

Rejoining the realm…

Still unreachable

The connection could not be restored.

Session expired

The server has moved on; the page needs a fresh start.